 Dungeon Crawl Stone Soup version 0.29.1-15-g9cfb28693d (webtiles) character file.

Game seed: 15736107860890559844

307050 unic0rned the Peltast (level 20, -13/191 HPs)
             Began as a Minotaur Fighter on May 2, 2023.
             Was a High Priest of Okawaru.
             Mangled by a vault warden
             ... wielding a +0 great sword
              (42 damage)
             ... on level 4 of the Vaults on May 5, 2023.
             The game lasted 02:34:02 (43390 turns).

unic0rned the Peltast (Minotaur Fighter)           Turns: 43390, Time: 02:34:02

Health: -13/191    AC: 39    Str: 29    XL:     20   Next: 32%
Magic:  28/28      EV: 23    Int:  8    God:    Okawaru [*****.]
Gold:   2221       SH: 34    Dex: 27    Spells: 19/19 levels left

rFire   + . .      SeeInvis .   s - +7 morningstar "Pikiat" {vamp, rF- Will+ Int-4 Dex+8}
rCold   + . .      Faith    .   h - +2 tower shield {AC+3}
rNeg    + . .      Spirit   .   L - +8 plate armour "Refulur" {Slay+3}
rPois   +          Reflect  +   H - -2 hat of the Alchemist {rElec rPois rF+ rC+ rN+ Will+ rMut rCorr}
rElec   +          Harm     .   j - +1 cloak {rPois}
rCorr   +          Rampage  .   w - +2 pair of gloves {Str+3}
rMut    +                       C - +0 pair of boots
Will    +++..                   J - amulet of the Komtur {Reflect Str+4 Int+7 SH+5}
Stlth   ..........              U - ring "Erchouh Vuob" {rElec rPois rF+ Str-5 Dex+6}
HPRegen 0.41/turn               E - ring of flight
MPRegen 0.21/turn

@: lethally poisoned (-13 -> -36), heroic, flying
A: horns 2, retaliatory headbutt
}: 2/15 runes: decaying, gossamer
a: Renounce Religion, Heroism, Finesse, Duel


You were on level 4 of the Vaults.
You worshipped Okawaru.
Okawaru was extremely pleased with you.
You visited 7 branches of the dungeon, and saw 35 of its levels.
You visited 1 bazaar.
You also visited: Gauntlet and Volcano.

You collected 4218 gold pieces.
You spent 1997 gold pieces at shops.

Inventory:

Hand Weapons
 c - a +7 broad axe of venom
 q - the +7 war axe of the Queen {freeze, rF+ Will++ Int-5}
   (Okawaru gifted it to you on level 3 of the Spider Nest)

   It freezes those it strikes, dealing additional cold damage.
   It can also slow down cold-blooded creatures.
   Int:       It affects your intelligence (-5).
   rF:        It protects you from fire.
   Will:      It greatly increases your willpower.
 s - the +7 morningstar "Pikiat" (weapon) {vamp, rF- Will+ Int-4 Dex+8}
   (You took it off a minotaur in a Gauntlet)

   It occasionally heals its wielder for a portion of the damage dealt when it
   wounds a living foe.
   Int:       It affects your intelligence (-4).
   Dex:       It affects your dexterity (+8).
   rF:        It makes you vulnerable to fire.
   Will:      It increases your willpower.
 T - the +8 war axe "Maub" {drain, rPois Int+3 Dex+7 Stlth-}
   (You took it off a centaur warrior on level 13 of the Dungeon)

   A truly terrible weapon, it drains the life of any living foe it strikes.
   Int:       It affects your intelligence (+3).
   Dex:       It affects your dexterity (+7).
   rPois:     It protects you from poison.
   Stlth:     It makes you less stealthy.
 Z - a +0 antimagic broad axe
Missiles
 b - 4 silver boomerangs
 l - 3 throwing nets
 r - 24 javelins (quivered)
 t - 31 silver javelins
 V - 3 atropa-tipped darts
Armour
 h - a +2 tower shield of protection (worn)
 j - a +1 cloak of poison resistance (worn)
 w - a +2 pair of gloves of strength (worn)
 C - a +0 pair of boots (worn)
 H - the -2 hat of the Alchemist (worn) {rElec rPois rF+ rC+ rN+ Will+ rMut rCorr}
   (You bought it in a shop on level 2 of the Orcish Mines)

   rF:        It protects you from fire.
   rC:        It protects you from cold.
   rElec:     It insulates you from electricity.
   rPois:     It protects you from poison.
   rN:        It protects you from negative energy.
   rCorr:     It protects you from acid and corrosion.
   rMut:      It protects you from mutation.
   Will:      It increases your willpower.
 I - a +2 kite shield of reflection
 L - the +8 plate armour "Refulur" (worn) {Slay+3}
   (Okawaru gifted it to you on level 4 of the Lair of Beasts)

   Slay:      It affects your accuracy & damage with ranged weapons and melee
   (+3).
Jewellery
 a - a ring of magical power
 o - the amulet "Ameck" {Reflect +Inv SH+5 SInv}
   (You bought it in a shop on level 2 of the Orcish Mines)

   [amulet of reflection]

   It reflects blocked missile attacks.
   SInv:      It lets you see invisible.
   +Inv:      It lets you turn invisible.
   SH:        It affects your SH (+5).
 x - the amulet "Idgheril" {Faith rPois rN++ Dex-2}
   (You found it on level 1 of the Spider Nest)

   [amulet of faith]

   It allows you to gain divine favour quickly.
   Dex:       It affects your dexterity (-2).
   rPois:     It protects you from poison.
   rN:        It greatly protects you from negative energy.
 y - a ring of protection from fire
 E - a ring of flight (right hand)
 J - the amulet of the Komtur (around neck) {Reflect Str+4 Int+7 SH+5}
   (You acquired it on level 3 of the Swamp)

   [amulet of reflection]

   It reflects blocked missile attacks.
   Str:       It affects your strength (+4).
   Int:       It affects your intelligence (+7).
   SH:        It affects your SH (+5).
 Q - a ring of willpower
 S - a +6 ring of strength
 U - the ring "Erchouh Vuob" (left hand) {rElec rPois rF+ Str-5 Dex+6}
   (You found it in a Gauntlet)

   [ring of protection from fire]

   Str:       It affects your strength (-5).
   Dex:       It affects your dexterity (+6).
   rF:        It protects you from fire.
   rElec:     It insulates you from electricity.
   rPois:     It protects you from poison.
 X - the ring "Qucle" {rElec SInv}
   (You bought it in a shop on level 2 of the Orcish Mines)

   [ring of see invisible]

   rElec:     It insulates you from electricity.
   SInv:      It lets you see invisible.
Wands
 m - a wand of polymorph (8)
 u - a wand of paralysis (13)
Scrolls
 e - 11 scrolls of teleportation
 f - 15 scrolls of identify
 p - 4 scrolls of magic mapping
 B - a scroll of fear
 F - 5 scrolls of poison
 K - a scroll of amnesia
 Y - 4 scrolls of silence
Potions
 d - 2 potions of might
 g - 7 potions of flight
 i - 12 potions of curing
 k - 7 potions of ambrosia
 n - a potion of berserk rage
 v - 11 potions of lignification
 D - 4 potions of heal wounds
 M - 6 potions of resistance
 N - 2 potions of cancellation
 O - 8 potions of haste
 P - 2 potions of brilliance
 R - 3 potions of magic
Miscellaneous
 z - a lightning rod (4/4)


   Skills:
 + Level 19.0(24.0) Fighting
 - Level 16.0(22.4) Axes
 * Level 11.8(20.4) Maces & Flails
 - Level 10.0(15.0) Throwing
 + Level 19.4(24.4) Armour
 + Level 13.6(18.6) Dodging
 + Level 19.4(24.4) Shields
 + Level 12.0 Invocations
 + Level 7.0 Evocations


You had 19 spell levels left.
You didn't know any spells.
Your spell library contained the following spells:

 Spells                   Type           Power      Damage    Failure   Level
 Beastly Appendage        Tmut           0%         N/A       88%         1
 Foxfire                  Conj/Fire      0%         2x1d4     88%         1
 Magic Dart               Conj           0%         1d3       88%         1
 Shock                    Conj/Air       0%         1d3       88%         1
 Blink                    Tloc           0%         N/A       96%         2
 Ensorcelled Hibernation  Hex/Ice        0%         N/A       96%         2
 Searing Ray              Conj           0%         2d4       96%         2
 Static Discharge         Conj/Air       0%         3-3/arc   96%         2
 Wereblood                Tmut           0%         N/A       96%         2
 Conjure Flame            Conj/Fire      0%         6-21      99%         3
 Dazzling Flash           Conj/Hex       0%         N/A       99%         3
 Frozen Ramparts          Ice            0%         1d1       99%         3
 Ignite Poison            Fire/Tmut/Pois 0%         N/A       99%         3
 Inner Flame              Hex/Fire       0%         N/A       99%         3
 Lesser Beckoning         Tloc           0%         N/A       99%         3
 Spider Form              Tmut/Pois      0%         N/A       99%         3
 Stone Arrow              Conj/Erth      0%         3d7       99%         3
 Airstrike                Air            0%         2d(0-16)  100%        4
 Anguish                  Hex/Necr       0%         N/A       100%        4
 Dispel Undead            Necr           0%         3d6       100%        4
 Flame Wave               Conj/Fire      0%         2d4       100%        4
 Fulminant Prism          Conj/Hex       0%         3d6       100%        4
 Ice Form                 Ice/Tmut       0%         N/A       100%        4
 Iskenderun's Mystic Bla  Conj/Tloc      0%         2d3       100%        4
 Sticky Flame             Conj/Fire      0%         2d3       100%        4
 Agony                    Necr           0%         N/A       100%        5
 Alistair's Intoxication  Tmut/Pois      0%         N/A       100%        5
 Borgnjor's Vile Clutch   Necr/Erth      0%         N/A       100%        5
 Lightning Bolt           Conj/Air       0%         1d11      100%        5
 Silence                  Hex/Air        0%         N/A       100%        5
 Eringya's Noxious Bog    Tmut/Pois      0%         N/A       100%        6
 Starburst                Conj/Fire      0%         6d3       100%        6
 Orb of Destruction       Conj           0%         9d5       100%        7
 Disjunction              Tloc           0%         N/A       100%        8
 Lehudib's Crystal Spear  Conj/Erth      0%         10d2      100%        8
 Chain Lightning          Conj/Air       0%         N/A       100%        9
 Summon Guardian Golem    Hex/Summ       Unusable   N/A       N/A         3
 Animate Armour           Summ/Erth      Unusable   N/A       N/A         4
 Summon Ice Beast         Ice/Summ       Unusable   N/A       N/A         4
 Summon Lightning Spire   Summ/Air       Unusable   N/A       N/A         4
 Summon Forest            Summ/Tloc      Unusable   N/A       N/A         5
 Simulacrum               Ice/Necr       Unusable   N/A       N/A         6
 Spellforged Servitor     Conj/Summ      Unusable   N/A       N/A         7

Dungeon Overview and Level Annotations

Branches:
Dungeon (15/15)            Temple (1/1) D:7            Lair (5/5) D:9
  Swamp (4/4) Lair:2       Spider (4/4) Lair:3        Slime (0/5) Lair:4
    Orc (2/2) D:11            Elf (0/3) Orc:2        Vaults (4/5) D:13
  Crypt (0/3) Vaults:3     Depths (0/4) D:15        Volcano (visited)
Gauntlet (visited)

Altars:
Ashenzari
Cheibriados
Dithmenos
Elyvilon
Gozag
Hepliaklqana
Kikubaaqudgha
Makhleb
Nemelex Xobeh
Okawaru
Qazlal
Ru
Sif Muna
Trog
Uskayaw
Vehumet
Wu Jian
Xom
Yredelemnul
Zin
The Shining One
Jiyva
Lugonu

Shops:
D:7 *   D:10 (   D:11 *   D:13 :   Orc:2 =[(*

Portals:
Abyss: Spider:1

Annotations:
D:8 3 runed translucent doors, Elsvaer's ghost, novice DECj
D:11 1 runed translucent door
Temple 2 transporters


Innate Abilities, Weirdness & Mutations

You have a pair of horns on your head.
You reflexively headbutt those who attack you in melee.


Message History

The yaktaur captain hits you but does no damage.
The ironbound convoker hits you with a +0 great mace.
The ironbound preserver hits you with a +2 great mace of protection.
* * * LOW HITPOINT WARNING * * *
The vault warden completely misses you.
The nagaraja hits you but does no damage.
The yaktaur captain completely misses you.
The nagaraja hits you from afar with a +0 spear of venom.
* * * LOW HITPOINT WARNING * * *
The yaktaur captain hits you but does no damage.
The ironbound convoker hits you with a +0 great mace.
* * * LOW HITPOINT WARNING * * *
The ironbound preserver hits you but does no damage.
The vault warden hits you with a +0 great sword!!!
* * * LOW HITPOINT WARNING * * *
The yaktaur captain hits you.
* * * LOW HITPOINT WARNING * * *
The yaktaur is no longer petrified.
The nagaraja hits you but does no damage.
The yaktaur captain hits you but does no damage.
The yaktaur hits you but does no damage.
The ironbound convoker hits you but does no damage.
The ironbound preserver hits you with a +2 great mace of protection!!
* * * LOW HITPOINT WARNING * * *
The vault warden hits you with a +0 great sword!
* * * LOW HITPOINT WARNING * * *
The nagaraja hits you from afar with a +0 spear of venom!!
* * * LOW HITPOINT WARNING * * *
The yaktaur captain barely misses you.
You turn to flesh and can move again.
Okay, then.
Okay, then.
You feel much better.
You feel very sick. You block the nagaraja's attack.
You block the yaktaur captain's attack. You block the yaktaur's attack.
You block the ironbound convoker's attack.
The ironbound preserver closely misses you.
The vault warden hits you with a +0 great sword!!!
You die...

......#))# #p.......#
......#).# #.p......#
......#..# #Y.......#
..#...#..# #........#
..#####++#####........#
..#..........#.N......#
).#..........#...N....#
)##..........####p'####
).).)[[.[......c@p....#
...)...[.......cpc....#
................c.....#
......................#
##
#######################
##. ##'# ##... #.(.)
#.[<)


You could see an ironbound preserver (strong), a vault warden (strong), a
nagaraja (fast, strong), 2 yaktaur captains, an ironbound convoker and 2
yaktaurs.

Vanquished Creatures
  A dread lich (Vaults:2)
  Mara (Swamp:3)
  Frederick (Vaults:2)
  Saint Roka (Orc:2)
  Nikola (Spider:3)
  Arachne (Spider:2)
  A tentacled monstrosity (Swamp:3)
  The ghost of Mosidoga the Executioner, an adept HOBe of Trog (Swamp:2)
  The ghost of mursu the Severer, an adept PaCA of Okawaru (Swamp:4)
  An ancient champion (Vaults:3)
  Gastronok (D:9)
  Kirke (Swamp:1)
  A thorn hunter (Swamp:4)
  Donald (Spider:1)
  A storm dragon (Vaults:4)
  The ghost of Gumption the Severer, an adept MiBe of Trog (Spider:1)
  A tengu reaver (Vaults:1)
  A revenant (Vaults:3)
  A nagaraja (Vaults:4)
  9 emperor scorpions
  A frost giant (Vaults:4)
  7 vault wardens
  An orc warlord (Vaults:2)
  6 ghost moths
  A ghoul (Swamp:4)
  15 ironbound preservers
  A war gargoyle (Vaults:3)
  8 very ugly things
  7 ironbound thunderhulks
  2 eleionomae
  7 dire elephants
  A minotaur (Gauntlet)
  3 bunyips
  2 spark wasps
  2 entropy weavers (Vaults:1)
  A deep elf death mage (Vaults:3)
  2 crystal guardians
  Snorg (D:12)
  A deep elf high priest (Vaults:4)
  3 shambling mangroves
  3 great orbs of eyes
  Fannar (Lair:3)
  6 yaktaur captains
  8 vault guards
  A rakshasa (D:14)
  5 boulder beetles
  2 peacekeepers
  Harold (D:9)
  Erolcha (D:12)
  2 spectral fenstrider witches (Swamp:2)
  11 ironbound frosthearts
  3 ghost crabs
  3 radroaches
  23 hydras
  18 centaur warriors
  Erica (D:9)
  2 two-headed ogres (D:13)
  13 alligators
  2 catoblepae (Vaults:4)
  2 dancing weapons (D:13)
  A satyr (D:8)
  2 jorogumos
  A tengu warrior (D:15)
  5 death yaks (Lair:2)
  3 orc high priests
  A death scarab (Gauntlet)
  A hell knight (Volcano)
  2 spriggan berserkers
  Urug (Orc:2)
  9 skeletal warriors (D:12)
  A sun moth (Spider:1)
  A pharaoh ant (Spider:1)
  A deep troll (shapeshifter) (Vaults:4)
  6 goliath frogs
  3 sixfirhies (Gauntlet)
  A glowing orange brain (Vaults:4)
  3 spriggan druids
  2 spectral spriggans (Swamp:2)
  9 orb spiders
  14 swamp dragons
  A swamp dragon (shapeshifter) (Vaults:4)
  23 ironbound convokers
  26 deep trolls
  10 steelbarb worms
  10 bog bodies
  2 phantasmal warriors
  A fenstrider witch simulacrum (Swamp:2)
  4 lindwurms
  11 wizards
  A necromancer (D:15)
  6 orc knights
  2 deep elf pyromancers
  A wolf spider zombie (D:15)
  16 wolf spiders
  5 cyclopes
  7 orc sorcerers
  10 elephants
  5 will-o-the-wisps
  38 ugly things
  7 manticores
  5 moths of wrath
  A centaur zombie (D:15)
  11 vault sentinels
  Maurice (D:10)
  11 black mambas
  A gargoyle (D:14)
  A guardian serpent (Lair:5)
  2 torpor snails (Spider:3)
  2 unseen horrors
  9 cane toads
  3 komodo dragons
  Maggie (D:9)
  2 rime drakes
  2 kobold demonologists
  11 yaktaurs
  6 demonic crawlers
  2 efreet (D:13)
  A tengu conjurer (D:13)
  3 trolls
  A bloated husk (Swamp:2)
  8 tyrant leeches
  Prince Ribbit (D:9)
  18 hornets
  28 tarantellas
  31 slime creatures
  11 polar bears
  11 dream sheep
  A wandering mushroom (Lair:2)
  2 raiju (Lair:5)
  12 blink frogs (Lair:4)
  27 jumping spiders
  Sigmund (D:2)
  5 spriggans
  A centaur simulacrum (D:15)
  3 vampires
  13 culicivoras
  A spriggan (shapeshifter) (D:14)
  24 yaks
  9 wyverns (Lair:5)
  4 wraiths
  3 basilisks
  42 redbacks
  3 steam dragons
  2 chaos spawn (Gauntlet)
  4 hogs (Swamp:1)
  A redback (shapeshifter) (Vaults:4)
  A neqoxec (Gauntlet)
  2 spriggan simulacra (Swamp:2)
  16 vampire mosquitoes
  11 swamp worms
  7 wargs
  2 acid dragons
  15 hell hounds (Lair:5)
  2 death drake simulacra (Swamp:2)
  14 water moccasins
  3 ice beasts
  15 swamp drakes
  12 black bears
  2 sky beasts
  A spectral torpor snail (Gauntlet)
  35 orc warriors
  3 ogres
  14 centaurs
  21 wolves
  A kobold brigand (D:8)
  15 bullfrogs
  5 necrophages
  2 gnoll sergeants
  10 scorpions
  6 wights
  9 killer bees (D:8)
  6 howler monkeys
  An electric eel (Lair:2)
  26 orc priests
  2 gnoll boudas
  3 jellies
  3 iguanas
  27 orc wizards
  Ijyb (D:5)
  7 hell rats (Lair:1)
  11 adders
  10 gnolls
  A white imp (D:10)
  An ufetubus (D:10)
  2 worms
  10 dart slugs
  87 orcs
  4 endoplasms
  5 giant cockroaches
  6 hobgoblins
  3 jackals (D:5)
  6 quokkas
  5 ball pythons
  6 bats
  4 frilled lizards
  5 goblins
  8 kobolds
  4 rats
  A butterfly (D:11)
1282 creatures vanquished.

Vanquished Creatures (others)
  A spriggan air mage (Swamp:4)
  A deep troll (Vaults:2)
  A bog body (Swamp:1)
  A bloated husk (Swamp:1)
  A hornet (Swamp:1)
  2 orc priests
  An orc (Orc:2)
  4 demonic plants (Gauntlet)
  20 foxfires
  19 fungi
  A lurking horror (Spider:1)
  92 plants
144 creatures vanquished.

Grand Total: 1426 creatures vanquished

Notes
Turn   | Place    | Note
-------+----------+-------------------------------------------
     0 | D:1      | unic0rned the Minotaur Fighter began the quest for the Orb.
     0 | D:1      | Reached XP level 1. HP: 19/19 MP: 0/0
   190 | D:1      | Reached XP level 2. HP: 27/27 MP: 1/1
   948 | D:2      | Reached XP level 3. HP: 29/33 MP: 2/2
  1107 | D:2      | Found a sparkling altar of Nemelex Xobeh.
  1139 | D:2      | Noticed Sigmund
  1149 | D:2      | Killed Sigmund
  1150 | D:2      | Reached XP level 4. HP: 19/40 MP: 3/3
  1150 | D:2      | Reached XP level 5. HP: 22/46 MP: 4/4
  1558 | D:3      | Reached XP level 6. HP: 52/52 MP: 5/5
  1890 | D:3      | Found an ancient bone altar of Kikubaaqudgha.
  1890 | D:3      | Found a shimmering blue altar of Sif Muna.
  2135 | D:3      | Found a faded altar of an unknown god.
  3116 | D:5      | Entered Level 5 of the Dungeon
  3137 | D:5      | Noticed a steam dragon
  3143 | D:5      | Killed a steam dragon
  3144 | D:5      | Reached XP level 7. HP: 42/58 MP: 4/6
  3144 | D:5      | Noticed Ijyb
  3256 | D:5      | Killed Ijyb
  3501 | D:5      | Reached skill level 10 in Axes
  3623 | D:5      | Noticed a +0 short sword
  3623 | D:5      | Noticed a +0 spear
  3623 | D:5      | Noticed a +0 falchion
  3629 | D:5      | Noticed a +0 falchion
  3629 | D:5      | Noticed a +0 dagger
  3629 | D:5      | Noticed a +0 spear
  3632 | D:5      | Noticed a +0 dagger
  3632 | D:5      | Noticed a +0 short sword
  3720 | D:5      | Found a snail-covered altar of Cheibriados.
  4074 | D:5      | Found a hide-covered altar of Uskayaw.
  4274 | D:5      | Reached XP level 8. HP: 57/66 MP: 7/7
  5468 | D:7      | Found a sparkling altar of Nemelex Xobeh.
  5468 | D:7      | Found a stormy altar of Qazlal.
  5543 | D:7      | Found a staircase to the Ecumenical Temple.
  5806 | D:7      | Found Xarexico's General Store.
  5814 | D:7      | Bought a +0 pair of boots for 45 gold pieces
  6275 | Temple   | Entered the Ecumenical Temple
  6275 | Temple   | Found a transporter.
  6275 | Temple   | Found a transporter.
  6277 | Temple   | Found a transporter.
  6277 | Temple   | Found a transporter.
  6291 | Temple   | Became a worshipper of Warmaster Okawaru
  6418 | D:8      | Found a white marble altar of Elyvilon.
  6482 | D:8      | Reached XP level 9. HP: 71/71 MP: 8/8
  6782 | D:8      | Reached * piety under Okawaru
  6786 | D:8      | Reached skill level 15 in Axes
  7077 | D:8      | Noticed Elsvaer's ghost (novice DECj)
  7150 | D:8      | Found a runed translucent gate.
  7150 | D:8      | Found a runed translucent gate.
  7150 | D:8      | Found a runed translucent gate.
  7176 | D:8      | Noticed a two-headed ogre
  7577 | D:8      | Reached skill level 1 in Invocations
  7640 | D:8      | Reached ** piety under Okawaru
  7696 | D:8      | Reached XP level 10. HP: 79/80 MP: 10/10
  7919 | D:8      | Noticed a satyr
  7919 | D:8      | a two-headed ogre changed into a satyr
  7941 | D:8      | Killed a satyr
  7942 | D:8      | Reached skill level 5 in Fighting
  7942 | D:8      | Reached skill level 5 in Armour
  7942 | D:8      | Reached skill level 5 in Shields
  8272 | D:9      | Noticed Harold
  8272 | D:9      | Noticed Gastronok
  8978 | D:9      | Killed Gastronok
  8978 | D:9      | Reached *** piety under Okawaru
  9270 | D:9      | Noticed Prince Ribbit
  9272 | D:9      | Noticed Erica
  9278 | D:9      | Killed Prince Ribbit
  9290 | D:9      | Killed Erica
  9684 | D:9      | Reached XP level 11. HP: 36/92 MP: 12/13
  9782 | D:9      | Killed Harold
  9782 | D:9      | Reached **** piety under Okawaru
  9917 | D:9      | Found a staircase to the Lair.
  9990 | D:9      | Noticed Maggie
 10005 | D:9      | Killed Maggie
 10113 | D:9      | Found a basalt altar of Yredelemnul.
 10371 | D:9      | Found a hazy altar of Hepliaklqana.
 10890 | D:10     | Entered Level 10 of the Dungeon
 11036 | D:10     | Found Nuoss's Weapon Boutique.
 11553 | D:10     | Noticed Maurice
 11570 | D:10     | Killed Maurice
 11571 | D:10     | Reached skill level 5 in Invocations
 12094 | D:11     | Found a staircase to the Orcish Mines.
 12337 | D:11     | Reached ***** piety under Okawaru
 12450 | D:11     | Found a runed translucent door.
 12476 | D:11     | Found a runed translucent door.
 12836 | D:11     | Found Rattih's Elemental Accessories.
 13196 | Lair:1   | Entered Level 1 of the Lair of Beasts
 14405 | Lair:2   | Identified a scroll of acquirement
 14406 | Lair:2   | Acquired a +1 kite shield of protection
 14487 | Lair:2   | Noticed a death yak
 14487 | Lair:2   | Noticed a death yak
 14494 | Lair:2   | Noticed a death yak
 14494 | Lair:2   | Noticed a death yak
 14496 | Lair:2   | Noticed a death yak
 14499 | Lair:2   | Reached XP level 12. HP: 99/103 MP: 15/15
 14503 | Lair:2   | Killed a death yak
 14504 | Lair:2   | Reached skill level 10 in Armour
 14504 | Lair:2   | Reached skill level 10 in Shields
 14535 | Lair:2   | Killed a death yak
 14537 | Lair:2   | Killed a death yak
 14546 | Lair:2   | Killed a death yak
 14547 | Lair:2   | Killed a death yak
 14875 | Lair:2   | Received a gift from Okawaru
 15093 | Lair:2   | Noticed a seven-headed hydra
 15103 | Lair:2   | Killed a five-headed hydra
 15104 | Lair:2   | Reached skill level 10 in Fighting
 15521 | Lair:2   | Received a gift from Okawaru
 15597 | Lair:2   | Found a staircase to the Swamp.
 15840 | Lair:3   | Found a hole to the Spider Nest.
 16111 | Lair:3   | Identified the +5 ring mail "Irchefaq" {rPois}
 16117 | Lair:3   | Noticed Fannar
 16133 | Lair:3   | Killed Fannar
 16238 | Lair:3   | Noticed an eight-headed hydra
 16250 | Lair:3   | Killed a two-headed hydra
 16252 | Lair:3   | Reached XP level 13. HP: 74/115 MP: 17/18
 16782 | Lair:4   | Found a runed translucent door.
 16782 | Lair:4   | Found a viscous altar of Jiyva.
 16782 | Lair:4   | Found a staircase to the Slime Pits.
 17146 | Lair:4   | Identified the +8 plate armour "Refulur" {Slay+3} (Okawaru
                  | gifted it to you on level 4 of the Lair of Beasts)
 17146 | Lair:4   | Received a gift from Okawaru
 17805 | Lair:5   | Entered Level 5 of the Lair of Beasts
 17941 | Lair:5   | Found a dark tunnel.
 17950 | Volcano  | Entered a volcano
 18974 | Lair:5   | Reached skill level 10 in Invocations
 19325 | Lair:5   | Reached XP level 14. HP: 116/127 MP: 20/20
 19333 | Lair:5   | Reached ****** piety under Okawaru
 19333 | Lair:5   | Identified the +2 executioner's axe of Slow Death {vorpal,
                  | Will+} (Okawaru gifted it to you on level 5 of the Lair of
                  | Beasts)
 19333 | Lair:5   | Received a gift from Okawaru
 20447 | Orc:1    | Entered Level 1 of the Orcish Mines
 20798 | Orc:1    | Paralysed by an orc sorcerer for 3 turns
 21196 | Orc:2    | Entered Level 2 of the Orcish Mines
 21209 | Orc:2    | Received a gift from Okawaru
 21255 | Orc:2    | Found a radiant altar of Vehumet.
 21296 | Orc:2    | Reached skill level 1 in Throwing
 21357 | Orc:2    | Noticed Urug
 21384 | Orc:2    | Killed Urug
 21710 | Orc:2    | Paralysed by an orc sorcerer for 5 turns
 22090 | Orc:2    | Noticed Saint Roka
 22277 | Orc:2    | Killed Saint Roka
 22466 | Orc:2    | Found Yqoyty's Jewellery Shop.
 22468 | Orc:2    | Found Hery's Antique Armour Shop.
 22489 | Orc:2    | Received a gift from Okawaru
 22522 | Orc:2    | Found Koxkukh's Antique Weapon Shop.
 22526 | Orc:2    | Found a staircase to the Elven Halls.
 22535 | Orc:2    | Found Ahiled's General Store.
 22544 | Orc:2    | Bought a scroll of enchant armour for 105 gold pieces
 22544 | Orc:2    | Bought the -2 hat of the Alchemist {rElec rPois rF+ rC+ rN+
                  | Will+ rMut rCorr} for 660 gold pieces
 22544 | Orc:2    | Found the -2 hat of the Alchemist {rElec rPois rF+ rC+ rN+
                  | Will+ rMut rCorr}
 22915 | Orc:2    | Bought the amulet "Ameck" {Reflect +Inv SH+5 SInv} for 626
                  | gold pieces
 23340 | D:12     | Reached skill level 5 in Throwing
 23466 | D:12     | Noticed Snorg
 23477 | D:12     | Noticed Erolcha
 23478 | D:12     | Killed Snorg
 23482 | D:12     | Killed Erolcha
 24064 | D:12     | Found a shimmering blue altar of Sif Muna.
 24391 | D:12     | Identified the +0 animal skin "Deempal" {Dex+3} (Okawaru
                  | gifted it to you on level 12 of the Dungeon)
 24391 | D:12     | Received a gift from Okawaru
 25011 | D:13     | Found Ycien's Vocational Training.
 25017 | D:13     | Reached XP level 15. HP: 138/138 MP: 18/21
 25076 | D:13     | Identified the +8 war axe "Maub" {drain, rPois Int+3 Dex+7
                  | Stlth-}
 25292 | D:13     | Identified the +8 battleaxe of Resourcefulness {pain, Will+
                  | Int+3}
 25357 | D:13     | Got Caagotetin's Handbook of the Destructive Snake
 25390 | D:13     | You are sucked into a shaft and drop 2 floors!
 25390 | D:15     | Entered Level 15 of the Dungeon
 25657 | D:14     | Reached skill level 15 in Shields
 25699 | D:14     | Found a gate leading to a gauntlet.
 25708 | Gauntlet | Entered a Gauntlet
 25708 | Gauntlet | Found a large runed translucent door.
 25708 | Gauntlet | Found a large runed translucent door.
 25708 | Gauntlet | Found a large runed translucent door.
 25708 | Gauntlet | Found a large runed translucent door.
 25708 | Gauntlet | Found a transporter.
 25708 | Gauntlet | Found a runed translucent door.
 25708 | Gauntlet | Found a large runed translucent door.
 25708 | Gauntlet | Found a large runed translucent door.
 25708 | Gauntlet | Found a large runed translucent door.
 25708 | Gauntlet | Found a large runed translucent door.
 25708 | Gauntlet | Found a runed translucent gate.
 25708 | Gauntlet | Found a runed translucent gate.
 25708 | Gauntlet | Found a transporter.
 25708 | Gauntlet | Found a transporter.
 25709 | Gauntlet | Found a transporter.
 25712 | Gauntlet | Found a runed translucent door.
 25712 | Gauntlet | Found a runed translucent gate.
 25714 | Gauntlet | Found a transporter.
 25725 | Gauntlet | Found a large runed translucent door.
 25725 | Gauntlet | Found a large runed translucent door.
 25725 | Gauntlet | Found a large runed translucent door.
 25725 | Gauntlet | Found a large runed translucent door.
 25726 | Gauntlet | Found a large runed translucent door.
 25727 | Gauntlet | Found a large runed translucent door.
 25729 | Gauntlet | Found a large runed translucent door.
 25729 | Gauntlet | Found a large runed translucent door.
 25759 | Gauntlet | Found a transporter.
 25762 | Gauntlet | Found a transporter.
 25772 | Gauntlet | Found a transporter.
 25791 | Gauntlet | Found a transporter.
 25800 | Gauntlet | Found a transporter.
 25803 | Gauntlet | Found a transporter.
 25811 | Gauntlet | Found a transporter.
 25860 | Gauntlet | Identified the ring "Erchouh Vuob" {rElec rPois rF+ Str-5
                  | Dex+6}
 25959 | Gauntlet | Reached skill level 15 in Armour
 25983 | Gauntlet | Got the Grimoire of Algid Fascination
 26019 | Gauntlet | Identified the +4 shortbow of the Curious Curses {venom,
                  | Str+5}
 26019 | Gauntlet | Identified the +7 morningstar "Pikiat" {vamp, rF- Will+
                  | Int-4 Dex+8}
 26035 | Gauntlet | Got the Grimoire of Dislocation
 26623 | D:15     | Reached skill level 1 in Dodging
 26640 | D:15     | Received a gift from Okawaru
 26851 | D:15     | Received a gift from Okawaru
 26970 | D:15     | Found a hazy altar of Hepliaklqana.
 27092 | D:15     | Received a gift from Okawaru
 27190 | D:15     | Identified the +11 flail of Teatzur {venom, *Slow rElec
                  | rF++}
 27476 | D:15     | Found a staircase to the Depths.
 27980 | D:13     | Identified the +3 chain mail of Qazlal's Castigation {Str+4
                  | Int-5}
 28098 | D:13     | Found a gate to the Vaults.
 29063 | Orc:2    | Bought the ring "Qucle" {rElec SInv} for 377 gold pieces
 29234 | Spider:1 | Entered Level 1 of the Spider Nest
 29758 | Spider:1 | Reached skill level 15 in Fighting
 29897 | Spider:1 | Reached skill level 5 in Dodging
 29900 | Spider:1 | Received a gift from Okawaru
 30112 | Spider:1 | Noticed an emperor scorpion
 30130 | Spider:1 | Killed an emperor scorpion
 30131 | Spider:1 | Reached XP level 16. HP: 141/149 MP: 22/22
 30195 | Spider:1 | Found a transporter.
 30198 | Spider:1 | Noticed Gumption's ghost (adept MiBe)
 30212 | Spider:1 | Found a transporter.
 30571 | Spider:1 | Found a one-way gate to the infinite horrors of the Abyss.
 30575 | Spider:1 | Found a corrupted altar of Lugonu.
 30648 | Spider:1 | Received a gift from Okawaru
 30738 | Spider:1 | Noticed Donald
 30758 | Spider:1 | Killed Donald
 30962 | Spider:1 | Received a gift from Okawaru
 31337 | Spider:1 | Killed Gumption's ghost
 31355 | Spider:1 | Identified the amulet "Idgheril" {Faith rPois rN++ Dex-2}
 31771 | Spider:2 | Received a gift from Okawaru
 31772 | Spider:2 | Reached skill level 10 in Throwing
 31890 | Spider:2 | Noticed Arachne
 32021 | Spider:2 | Killed Arachne
 32138 | Spider:2 | Received a gift from Okawaru
 32418 | Spider:2 | Received a gift from Okawaru
 32667 | Spider:2 | You fall into a shaft and drop 1 floor!
 32695 | Spider:3 | Received a gift from Okawaru
 33068 | Spider:3 | Noticed Nikola
 33076 | Spider:3 | Killed Nikola
 33076 | Spider:3 | Identified the +7 war axe of the Queen {freeze, rF+ Will++
                  | Int-5} (Okawaru gifted it to you on level 3 of the Spider
                  | Nest)
 33076 | Spider:3 | Received a gift from Okawaru
 33557 | Spider:4 | Entered Level 4 of the Spider Nest
 33638 | Spider:4 | Received a gift from Okawaru
 33848 | Spider:4 | Reached XP level 17. HP: 158/158 MP: 23/23
 34034 | Spider:4 | Reached skill level 10 in Dodging
 34093 | Spider:4 | Identified the +0 hat of the Pirate {*Corrode rF- Int+10
                  | Slay+5}
 34111 | Spider:4 | Got a gossamer rune of Zot
 34305 | Swamp:1  | Entered Level 1 of the Swamp
 34530 | Swamp:1  | Noticed Kirke
 34550 | Swamp:1  | Killed Kirke
 35047 | Swamp:2  | Found a runed translucent gate.
 35048 | Swamp:2  | Found a runed translucent gate.
 35049 | Swamp:2  | Found a runed translucent gate.
 35050 | Swamp:2  | Noticed Mosidoga's ghost (adept HOBe)
 35277 | Swamp:2  | Received a gift from Okawaru
 35787 | Swamp:2  | Killed Mosidoga's ghost
 36175 | Swamp:3  | Acquired the amulet of the Komtur {Reflect Str+4 Int+7
                  | SH+5}
 36339 | Swamp:3  | Noticed a tentacled monstrosity
 36360 | Swamp:3  | Killed a tentacled monstrosity
 36759 | Swamp:3  | Noticed Mara
 36776 | Swamp:3  | Killed Mara
 36776 | Swamp:3  | Received a gift from Okawaru
 36896 | Swamp:3  | Identified the +3 scale mail of Qoopt {-Tele rF+ Str+5}
                  | (Okawaru gifted it to you on level 3 of the Swamp)
 36896 | Swamp:3  | Received a gift from Okawaru
 37133 | Swamp:4  | Entered Level 4 of the Swamp
 37147 | Swamp:4  | Reached skill level 1 in Maces & Flails
 37273 | Swamp:4  | Found a runed translucent door.
 37273 | Swamp:4  | Noticed mursu's ghost (adept PaCA)
 37287 | Swamp:4  | Reached XP level 18. HP: 169/170 MP: 22/24
 37316 | Swamp:4  | Killed mursu's ghost
 37701 | Swamp:4  | Reached skill level 5 in Maces & Flails
 37722 | Swamp:4  | Acquired a +1 cloak of poison resistance
 37802 | Swamp:4  | Received a gift from Okawaru
 37832 | Swamp:4  | Got a decaying rune of Zot
 38188 | Vaults:1 | Entered Level 1 of the Vaults
 38276 | Vaults:1 | Identified the +8 chain mail "Ikalloc" {Rampage rC- Stlth+}
                  | (Okawaru gifted it to you on level 1 of the Vaults)
 38276 | Vaults:1 | Received a gift from Okawaru
 38415 | Vaults:1 | Reached skill level 1 in Evocations
 38868 | Vaults:1 | Received a gift from Okawaru
 38999 | Vaults:1 | Received a gift from Okawaru
 39070 | Vaults:1 | Reached XP level 19. HP: 179/179 MP: 26/26
 39587 | Vaults:2 | Received a gift from Okawaru
 39677 | Vaults:2 | Found a flickering gateway to a bazaar.
 39684 | Bazaar   | Entered a bazaar
 39698 | Bazaar   | Found Luveon's Weapon Emporium.
 39720 | Bazaar   | Found Kopesa's General Store.
 39725 | Bazaar   | Bought a potion of heal wounds for 55 gold pieces
 39736 | Bazaar   | Found Caitid's Book Emporium.
 39807 | Bazaar   | Bought 6 silver javelins for 129 gold pieces
 40179 | Vaults:2 | Reached skill level 5 in Evocations
 40381 | Vaults:2 | Noticed a dread lich
 40399 | Vaults:2 | Killed a dread lich
 40399 | Vaults:2 | Received a gift from Okawaru
 40459 | Vaults:2 | Received a gift from Okawaru
 40608 | Vaults:2 | Identified the +5 ring mail of Card Tricks {Str-4 Int+5
                  | Stlth+} (Okawaru gifted it to you on level 2 of the Vaults)
 40608 | Vaults:2 | Received a gift from Okawaru
 40654 | Vaults:2 | Noticed Frederick
 40667 | Vaults:2 | Killed Frederick
 40720 | Vaults:2 | Reached skill level 10 in Maces & Flails
 41972 | Vaults:3 | Found a staircase to the Crypt.
 42529 | Vaults:4 | Reached XP level 20. HP: 178/189 MP: 27/27
 42944 | Vaults:4 | Identified the +0 robe "Plog" {Harm *Corrode rElec}
                  | (Okawaru gifted it to you on level 4 of the Vaults)
 42944 | Vaults:4 | Received a gift from Okawaru
 43389 | Vaults:4 | HP: 7/191 [nagaraja/+0 spear of venom (9)]
 43390 | Vaults:4 | Mangled by a vault warden

Illustrated notes

Levels and vault maps discovered:
D:1:      dpeg_arrival_round_b, layout_rooms, serial_bayou_ford_a
D:2:      layout_rooms, basic_altar, minmay_pentomino_z2, uniq_sigmund
D:3:      layout_rooms, nicolae_overflow_two_pavilions,
          hellmonk_ecumenical_altar_inner_sanctum
D:4:      layout_basic
D:5:      layout_rooms, mainiacjoe_overflow_boulevard,
          nicolae_uskayaw_en_pointe, minmay_fractal_squares_gapless_5, uniq_ijyb
D:6:      layout_loops_ring, hex_tiny, nicolae_elevator_lobby_plus
D:7:      layout_cave_pods, gammafunk_temple_overflow_wave,
          minmay_temple_entry_waves, serial_shops, nicolae_square_shop
D:8:      layout_loops_ring, elyvilon_altar_1, gammafunk_ghost_split,
          minmay_between
D:9:      layout_cave_pools, nicolae_overflow_hidden_temple,
          general_overflow_altar, david_lair_shrubbed,
          kennysheep_generic_room_15, uniq_harold, uniq_erica, uniq_gastronok,
          uniq_prince_ribbit1, uniq_maggie
D:10:     layout_small_grid, serial_shops, nicolae_shop_bloodbath_and_beyond,
          serial_ice, serial_ice_g, serial_ice_o, serial_ice_a, serial_ice_m,
          nicolae_concentric_dashed_squares_wild, uniq_maurice
D:11:     lemuel_insect_pit, layout_loops_cross,
          hangedman_abyss_or_decor_stagger, nicolae_elemental_shop
D:12:     layout_basic, lemuel_blue_sif_altar, uniq_erolcha, uniq_snorg
D:13:     minmay_the_grid_4x2 [minmay_the_grid_minigrid_small,
          minmay_the_grid_all_tris, minmay_the_grid_aliased_spiral,
          minmay_the_grid_large_cup, minmay_the_grid_outer_circle,
          minmay_the_grid_holed_spiral, minmay_the_grid_outer_diamond,
          minmay_the_grid_prize_four_corners_diamond_a], layout_loops_ring,
          erik_vaults_1, nicolae_shop_vocational
D:14:     layout_irregular_city, gauntlet_entry_generic, hangedman_decor_points
D:15:     grunt_enter_depths_magical_seal, layout_layer_cave,
          nicolae_hepliaklqana_hazy_memory
Temple:   hellmonk_temple_divided_pantheon
Lair:1:   layout_cave_pods, dreamdust_mushroom_princess, lemuel_fruit_fields,
          serial_bayou_shore_b
Lair:2:   layout_regular_city, minmay_swamp_entry_swarm,
          nicolae_lair_run_with_the_wolves
Lair:3:   layout_gridlike, nicolae_spider_entry_orb_guardian, uniq_fannar
Lair:4:   layout_loops_ring, slime_entry_2
Lair:5:   hangedman_lair_caniforms_friends, layout_regular_city,
          hangedman_lair_tendril_chambers, nicolae_volcano_entry_hallway
Swamp:1:  layout_basic_swamp, evilmike_swamp_ruin_house_1, swamp_pool1,
          uniq_kirke
Swamp:2:  layout_basic_swamp, gammafunk_ghost_necromancy,
          evilmike_swamp_ruin_house_4, swamp_pool4
Swamp:3:  layout_basic_swamp, evilmike_swamp_ruin_house_2, uniq_mara
Swamp:4:  swamp_basic_johnstein, layout_basic_swamp, gammafunk_ghost_grave
Spider:1: layout_spider_delve, gammafunk_ghost_berserking_beasts, drop_trap,
          amcnicky_altar_lugonu_corruption, uniq_donald
Spider:2: nicolae_spider_hilbert_zone_6 [nicolae_spider_hilbert_4_sides_1_open,
          nicolae_spider_hilbert_4_sides_1_open,
          nicolae_spider_hilbert_4_sides_1_open,
          nicolae_spider_hilbert_4_sides_1_open,
          nicolae_spider_hilbert_4_sides_1_open,
          nicolae_spider_hilbert_4_sides_1_open,
          nicolae_spider_hilbert_4_sides_1_open],
          hangedman_spider_tarantella_strand, uniq_arachne
Spider:3: layout_spider_delve, uniq_nikola
Spider:4: grunt_spider_rune_circles, uniq_asterion, uniq_louise, uniq_mlioglotl
Orc:1:    layout_caves, basic_altar
Orc:2:    grunt_orc_cross, layout_caves, basic_altar, uniq_urug
Vaults:1: vaults_mumra_minichess, vaults_dpeg_diagonal, vaults_mumra_chevron,
          v_rooms_3, vaults_room_semicircle, v_pattern_5,
          nicolae_vaults_sealed_display, st_squares,
          nicolae_vaults_circle_grid_a, v_misc_27,
          vaults_mumra_minichess_inversion, vaults_room_hallway,
          layout_vaults_omnibox
Vaults:2: nicolae_vaults_ninety_degrees, v_misc_13, nicolae_vaults_triangles,
          ontoclasm_vaults_decontamination, hangedman_vaults_variations,
          nicolae_vaults_ring_of_whatevers, ontoclasm_vaults_spin, v_pattern_2,
          grunt_vaults_hallway_long, nicolae_vaults_network_star,
          ontoclasm_vaults_loading_screen, ontoclasm_vaults_hangar,
          special_room_vaults [special_room_orc], layout_vaults_maze,
          serial_shops, bzr_entry_dummy, uniq_frederick
Vaults:3: minmay_crypt_entry_simple_walls, hangedman_vaults_stream,
          nicolae_vaults_shelves_hall, nicolae_vaults_theta,
          nicolae_vaults_three_branches, vaults_room_fours,
          layout_vaults_big_room
Vaults:4: nicolae_vaults_specimen_jars, st_greater_box_1,
          hangedman_vaults_stagger, v_misc_18, grunt_vaults_swirl, v_misc_15,
          layout_vaults_omnigrid

Skill      XL: |  1  2  3  4  5  6  7  8  9 10 11 12 13 14 15 16 17 18 19 20 |
---------------+-------------------------------------------------------------+-----
Axes           | 3 6 7 9 10 13 16 | 16.0
Shields        | 4 7 9 11 13 14 15 16 17 18 19 | 19.4
Fighting       | 4 7 8 10 12 14 15 16 17 18 19 | 19.0
Armour         | 4 7 9 11 13 14 15 16 17 18 19 | 19.4
Invocations    | 1 4 6 8 10 11 12 | 12.0
Throwing       | 6 9 10 | 10.0
Dodging        | 5 9 11 12 13 | 13.6
Maces & Flails | 2 8 11 | 11.8
Evocations     | 3 6 7 |  7.0

Action                   |  1- 3 |  4- 6 |  7- 9 | 10-12 | 13-15 | 16-18 | 19-21 || total
-------------------------+-------+-------+-------+-------+-------+-------+-------++-------
Melee: War axe           |    68 |    88 |   193 |   389 |    96 |   465 |       ||  1299
       Headbutt          |     7 |    10 |    20 |    90 |   227 |   456 |   299 ||  1109
       Unarmed           |       |       |    23 |       |       |       |       ||    23
       Broad axe         |       |       |       |    77 |   857 |       |       ||   934
       Morningstar       |       |       |       |       |     4 |   952 |   791 ||  1747
Throw: Dart              |    24 |    33 |    27 |    13 |    42 |    64 |       ||   203
       Boomerang         |       |     2 |    23 |     1 |     7 |    14 |       ||    47
       Javelin           |       |     1 |    11 |    55 |   119 |    61 |    22 ||   269
       Throwing net      |       |       |       |       |       |     1 |       ||     1
Invok: Heroism           |       |       |     1 |    27 |    43 |    21 |    15 ||   107
       Finesse           |       |       |       |     4 |     8 |    11 |     4 ||    27
Evoke: Wand              |       |       |    36 |    17 |     1 |    52 |    35 ||   141
       Lightning rod     |       |       |       |     6 |     3 |       |       ||     9
  Use: Scroll            |     5 |     8 |    10 |    11 |    17 |    11 |     3 ||    65
       Potion            |       |       |     4 |     5 |     4 |     4 |     4 ||    21
 Stab: Invisible         |       |       |       |     1 |       |     3 |       ||     4
       Confused          |       |       |       |       |       |     3 |       ||     3
       Petrified         |       |       |       |       |       |       |     7 ||     7
Armor: Scale mail        |    26 |    40 |    20 |       |       |       |       ||    86
       Plate armour      |       |       |    64 |   226 |   413 |   548 |   312 ||  1563
Dodge: Dodged            |    25 |    35 |    65 |   139 |   211 |   586 |   330 ||  1391
Block: Buckler           |    15 |    16 |    49 |    94 |       |       |       ||   174
       Kite shield       |       |       |       |   128 |   781 |  1795 |   744 ||  3448
       Reflection        |       |       |       |       |    34 |    29 |    19 ||    82
       Tower shield      |       |       |       |       |       |       |    23 ||    23
